 Dungeon Crawl Stone Soup version 0.28-a0-674-gdaf460b524 (webtiles) character file.

Game seed: 16385970334346589010

1638 andesha the Thaumaturge (level 8, 0/42 HPs)
             Began as a Gargoyle Fire Elementalist on Oct 17, 2021.
             Was a Follower of Makhleb.
             Slain by a troll (10 damage)
             ... on level 5 of the Dungeon.
             The game lasted 00:23:05 (7124 turns).

andesha the Thaumaturge (GrFE)                      Turns: 7124, Time: 00:23:05

Health: 0/42       AC:  7    Str: 11 (13) XL:     8   Next: 98%
Magic:  20/29      EV: 12    Int: 15 (17) God:    Makhleb [*.....]
Gold:   208        SH:  0    Dex: 10      Spells: 17/23 levels left

rFire   + + .      SeeInvis .   m - staff of fire
rCold   . . .      Faith    .   (no shield)
rNeg    + . .      Spirit   .   i - +0 robe {rF+}
rPois   ∞          Reflect  .   (no helmet)
rElec   +          Harm     .   (no cloak)
rCorr   .          Rampage  .   (no gloves)
Will    .....                   (no boots)
Stlth   ++........              (no amulet)
HPRegen 0.14/turn               b - ring of magical power
MPRegen 0.21/turn               (no ring)

@: no status effects
A: sickness immunity, AC +5, negative energy resistance 1, electricity
resistance, torment resistance 1, petrification resistance
a: Renounce Religion


You were on level 5 of the Dungeon.
You worshipped Makhleb.
Makhleb was aware of your devotion.
You visited 2 branches of the dungeon, and saw 7 of its levels.

You collected 208 gold pieces.

Inventory:

Missiles
 c - 190 stones (quivered)
Armour
 i - a +0 robe of fire resistance (worn)
Magical Staves
 m - a staff of fire (weapon)
Jewellery
 b - a ring of magical power (left hand)
Wands
 d - a wand of acid (10)
Scrolls
 j - 3 scrolls of summoning
 n - 2 scrolls of teleportation
Potions
 f - a potion of flight
 g - 2 potions of curing


   Skills:
 - Level 0.6 Fighting
 + Level 0.4 Maces & Flails
 + Level 1.7 Dodging
 + Level 2.6 Stealth
 + Level 8.3 Spellcasting
 * Level 3.1 Conjurations
 + Level 6.4 Fire Magic


You had 17 spell levels left.
You knew the following spells:

 Your Spells              Type           Power      Damage    Failure   Level
a - Foxfire               Conj/Fire      100%       2x1d9     1%          1
b - Scorch                Fire           76%        2d8       1%          2
d - Conjure Flame         Conj/Fire      30%        6-21      4%          3

Your spell library contained the following spells:

 Spells                   Type           Power      Damage    Failure   Level
 Inner Flame              Hex/Fire       23%        N/A       10%         3
 Flame Wave               Conj/Fire      30%        3d7       16%         4
 Passage of Golubria      Tloc           6%         N/A       75%         4
 Silence                  Hex/Air        3%         N/A       97%         5
 Lehudib's Crystal Spear  Conj/Erth      5%         10d3      100%        8


Dungeon Overview and Level Annotations

Branches:
Dungeon (6/15)             Temple (1/1) D:4

Altars:
Dithmenos
Elyvilon
Kikubaaqudgha
Makhleb
Nemelex Xobeh
Qazlal
Ru
Sif Muna
Trog
Wu Jian
The Shining One

Shops:
D:2 [   D:3 [[   D:5 *


Innate Abilities, Weirdness & Mutations

You are immune to sickness and miasma.
Your stone body is resilient. (AC +5)
You are immune to poison.
You resist negative energy. (rN+)
You are resistant to electric shocks. (rElec)
You are resistant to unholy torment.
You are immune to petrification.


Message History

The iguana's fire resistance burns away.
You hear a shout! x2
A bat comes into view.
The troll closely misses you.
The troll claws you but does no damage. x2
A shadow imp comes into view.
Casting: Scorch (safe; 1% risk of failure)
Confirm with . or Enter, or press ? or * to list all spells.
You feel a surge of power!
Flames lash the troll.
The troll is lightly wounded.
The troll's fire resistance burns away.
The shadow imp shouts, "Take thy face hence, thou loggerheaded doghearted reprobate!"
The bat hits you but does no damage. The troll bites you.
The troll claws you but does no damage. The troll misses you.
The bat closely misses you. The iguana closely misses you. The troll bites you!
The troll closely misses you. The troll claws you!
You climb upwards.
There is a stone staircase leading down here.
Casting: Scorch (safe; 1% risk of failure)
Confirm with . or Enter, or press ? or * to list all spells.
You feel a surge of power!
Flames lash the iguana.
The iguana is burned terribly!
You kill the iguana!
Makhleb accepts your kill. The troll bites you. The troll misses you.
The troll claws you.
Casting: Scorch (safe; 1% risk of failure)
Confirm with . or Enter, or press ? or * to list all spells.
You feel a surge of power!
Flames lash the troll.
The troll is burned terribly!
The troll is heavily wounded.
The troll barely misses you. x2; The troll claws you.
Casting: Scorch (safe; 1% risk of failure)
Confirm with . or Enter, or press ? or * to list all spells.
You feel a surge of power!
Flames lash the troll.
The troll is burned terribly!
The troll is severely wounded.
The troll is no longer more vulnerable to fire.
The troll bites you.
* * * LOW HITPOINT WARNING * * *
The troll claws you but does no damage. The troll claws you.
* * * LOW HITPOINT WARNING * * *
You feel better. The troll bites you!
You die...

###### #####....####
#####...........#
#...............#
#...............# ######
####.......T.......###....>
#.........@........'.......
#.....##...........###.....
#.....##......)....# #.....
#####.....##...........# #.....
#.........##...........########
#.........####.................
#.........# ##################
#.........##### #......
##............###########......


You could see a troll.

Vanquished Creatures
  A sky beast (D:5)
  2 ice beasts (D:5)
  A black bear (D:5)
  A necrophage (D:5)
  An ogre (D:5)
  Blork the orc (D:5)
  3 phantoms
  4 scorpions
  A water moccasin zombie (D:5)
  A water moccasin skeleton (D:4)
  A bullfrog zombie (D:5)
  A centaur zombie (D:5)
  A centaur skeleton (D:4)
  2 hounds
  4 iguanas
  An orc wizard (D:4)
  A hound skeleton (D:4)
  A howler monkey zombie (D:5)
  8 adders
  A gnoll (D:6)
  An adder skeleton (D:4)
  A worm (D:5)
  3 dart slugs
  9 orcs
  6 endoplasms
  2 giant cockroaches
  11 goblins
  9 hobgoblins
  4 kobolds
  2 quokkas
  8 ball pythons
  6 bats
  7 rats
106 creatures vanquished.

Vanquished Creatures (others)
  13 foxfires
  A plant (D:6)
14 creatures vanquished.

Grand Total: 120 creatures vanquished

Notes
Turn   | Place    | Note
-------+----------+-------------------------------------------
     0 | D:1      | andesha the Gargoyle Fire Elementalist began the quest for
                  | the Orb.
     0 | D:1      | Reached XP level 1. HP: 10/10 MP: 3/3
    98 | D:1      | Reached XP level 2. HP: 8/15 MP: 0/5
   147 | D:1      | Learned a level 2 spell: Scorch
  1201 | D:1      | Reached XP level 3. HP: 19/19 MP: 3/6
  1648 | D:2      | Reached skill level 3 in Spellcasting
  1791 | D:2      | Found Feymimem's Armour Boutique.
  2164 | D:2      | Reached XP level 4. HP: 24/24 MP: 3/9
  2313 | D:2      | Found a faded altar of an unknown god.
  2561 | D:3      | Found Achy's Antique Armour Emporium.
  2954 | D:3      | Found Wonle Cyck's Armour Shop.
  3877 | D:4      | Noticed a phantom
  3881 | D:4      | Killed a phantom
  3882 | D:4      | Reached skill level 4 in Spellcasting
  3882 | D:4      | Reached XP level 5. HP: 24/28 MP: 1/11
  3994 | D:4      | Reached XP level 6. HP: 33/33 MP: 2/12
  4072 | D:4      | Learned a level 3 spell: Inner Flame
  4082 | D:4      | Learned a level 3 spell: Conjure Flame
  4151 | D:4      | HP: 1/33 [cloud of flame (13)]
  4649 | D:4      | Reached skill level 5 in Spellcasting
  4931 | D:4      | Found a staircase to the Ecumenical Temple.
  4951 | Temple   | Entered the Ecumenical Temple
  5013 | Temple   | Became a worshipper of Makhleb the Destroyer
  5048 | D:5      | Entered Level 5 of the Dungeon
  5223 | D:4      | Reached XP level 7. HP: 37/37 MP: 6/15
  5374 | D:4      | Found a glowing golden altar of the Shining One.
  6021 | D:5      | Reached skill level 6 in Spellcasting
  6027 | D:5      | Reached skill level 5 in Fire Magic
  6246 | D:5      | Reached XP level 8. HP: 42/42 MP: 17/18
  6365 | D:5      | Reached skill level 7 in Spellcasting
  6704 | D:5      | Reached * piety under Makhleb
  6705 | D:5      | Noticed Blork the orc
  6709 | D:5      | Killed Blork the orc
  6756 | D:5      | Found a stormy altar of Qazlal.
  6773 | D:5      | Found Gikec's Gadget Gallery.
  6778 | D:5      | Reached skill level 8 in Spellcasting
  7001 | D:6      | Noticed a troll
  7124 | D:5      | Slain by a troll

Illustrated notes

Levels and vault maps discovered:
D:1:      dpeg_arrival_stone_temple_mockup, layout_loops_corners
D:2:      layout_loops_cross, shapermc_ecumenical_altar_notcrosses,
          serial_shops, shop, chequers_serial_rivers_marsh
D:3:      layout_basic, serial_shops, nicolae_shop_behind_doors, shop,
          minmay_misc_feat_more_columns
D:4:      minmay_general_purpose_star, layout_loops_ring,
          nicolae_tso_carved_into_rock
D:5:      kennysheep_spiral_hall, layout_basic,
          mainiacjoe_overflow_cross_hatched, nicolae_shop_gadgets,
          uniq_blork_the_orc
D:6:      old_forge, layout_rooms, dk_xom_monty_hall, amcnicky_altar_gilded,
          minmay_manual_monstrance, uniq_maggie
Temple:   chequers_temple_sunken

Skill      XL: |  1  2  3  4  5  6  7  8 |
---------------+-------------------------+-----
Spellcasting   | 3 4 5 6 8 |  8.3
Fire Magic     | 4 5 6 |  6.4
Conjurations   | 3 |  3.1
Fighting       | |  0.6
Maces & Flails | |  0.4
Dodging        | |  1.7
Stealth        | |  2.6

Action                   |  1- 3 |  4- 6 |  7- 9 || total
-------------------------+-------+-------+-------++-------
Melee: Unarmed           |     6 |       |       ||     6
       Demon whip        |     6 |     9 |     1 ||    16
Throw: Stone             |     6 |       |       ||     6
 Cast: Foxfire           |     6 |     1 |       ||     7
       Scorch            |    29 |    63 |    88 ||   180
       Conjure Flame     |       |     2 |     1 ||     3
       Inner Flame       |       |     2 |       ||     2
  Use: Scroll            |     3 |     3 |     9 ||    15
       Potion            |       |       |     3 ||     3
Armor: Robe              |     8 |     8 |    23 ||    39
Dodge: Dodged            |    11 |    16 |    27 ||    54

Table legend: (Time is in decaauts)
 A = Elapsed time spent in this place.
 B = Non-inter-level travel time spent in this place.
 C = Inter-level travel time spent in this place.
 D = Time resting spent in this place.
 E = Time spent auto-exploring this place.
 F = Levels seen in this place.
 G = Mean time per level.
                   A        B        C        D        E       F      G
               +--------+--------+--------+--------+--------+-----+--------+
         Total |   7137 |   6994 |    143 |   1580 |   4318 |   7 | 1019.6 |
       Dungeon |   7047 |   6921 |    126 |   1580 |   4295 |   6 | 1174.5 |
        Temple |     89 |     72 |     17 |      0 |     22 |   1 |   89.0 |
               +--------+--------+--------+--------+--------+-----+--------+

Top non-repeatable levels by time:
     D:4: 1792 daAuts
     D:3: 1409 daAuts
     D:1: 1399 daAuts
     D:5: 1385 daAuts
     D:2: 1042 daAuts
  Temple: 89 daAuts
     D:6: 19 daAuts
